 Dungeon Crawl Stone Soup version 0.32-a0-656-g3542139ebd (webtiles) character file.

Game seed: 6681703085561471242

117049 Strat the Eclecticist (level 16, 0/180 HPs)
             Began as an Oni Hedge Wizard on Mar 7, 2024.
             Was a High Priest of Beogh.
             Killed from afar by a swamp worm (16 damage)
             ... with a harpoon shot
             ... on level 3 of the Swamp on Mar 8, 2024.
             The game lasted 02:09:10 (44126 turns).

Strat the Eclecticist (Oni Hedge Wizard)           Turns: 44126, Time: 02:09:11

Health: 0/180      AC:  8    Str: 24    XL:     16   Next: 73%
Magic:  0/40       EV: 14    Int: 15    God:    Beogh [*****.]
Gold:   3450       SH:  0    Dex:  8    Spells: 30/55 levels left

rFire   . . .        a - +4 demon trident (venom)
rCold   + . .        (no shield)
rNeg    . . .        v - +2 robe {rC+}
rPois   +            c - +2 hat
rElec   .            t - +0 cloak
rCorr   .            (gloves unavailable)
SInv    .            (boots unavailable)
Will    +....        x - amulet of guardian spirit
Stlth   +            S - +5 ring of evasion
HPRegen 0.50/turn    Q - ring of poison resistance
MPRegen 0.27/turn

%: guardian spirit
@: on berserk cooldown, on blink cooldown, hasted and slowed
A: walk on water, large, unfitting armour, horns 1, tough skin 1, double potion
healing, drunken brawling
a: Renounce Religion, Smiting, Recall Apostles, Blood for Blood, Dismiss Orgrim,
priest, Dismiss Koronagh, warrior


You were on level 3 of the Swamp.
You worshipped Beogh.
Beogh was extremely pleased with you.
You visited 4 branches of the dungeon, and saw 24 of its levels.
You also visited: Bailey.

You collected 3450 gold pieces.

Inventory:

Hand Weapons
 a - a +4 demon trident of venom (weapon)
 b - a +6 glaive of flaming
Missiles
 f - 4 atropa-tipped darts
 o - 4 silver javelins
 u - 61 poisoned darts
 w - 3 datura-tipped darts
 G - 6 javelins
 I - 3 large rocks
 K - 13 curare-tipped darts
Armour
 c - a +2 hat (worn)
 t - a +0 cloak (worn)
 v - a +2 robe of cold resistance (worn)
Jewellery
 d - a +4 ring of slaying
 k - a ring of positive energy
 n - a ring of wizardry
 x - an amulet of guardian spirit (around neck)
 L - a ring of resist corrosion
 O - an amulet of the acrobat
 Q - a ring of poison resistance (right hand)
 S - a +5 ring of evasion (left hand)
 U - a +5 ring of evasion
 Z - an amulet of faith
Wands
 h - a wand of polymorph (11)
 p - a wand of charming (5)
 D - a wand of acid (1)
 F - a wand of flame (21)
 H - a wand of roots (31)
 N - a wand of mindburst (15)
 R - a wand of digging (3)
Scrolls
 g - 4 scrolls of amnesia
 i - 6 scrolls of revelation
 y - 5 scrolls of vulnerability
 B - a scroll of blinking
 J - 4 scrolls of immolation
 M - 6 scrolls of identify
Potions
 e - 2 potions of mutation
 l - 5 potions of enlightenment
 q - a potion of brilliance
 r - 3 potions of cancellation
 s - 3 potions of attraction
 C - 9 potions of ambrosia
 E - 2 potions of lignification
Miscellaneous
 Y - a phantom mirror


   Skills:
 + Level 16.3 Fighting
 - Level 16.9 Polearms
 + Level 2.5 Throwing
 - Level 1.7 Dodging
 - Level 1.4 Stealth
 - Level 20.2 Spellcasting
 - Level 4.0 Conjurations
 + Level 4.7 Summonings
 - Level 0.8 Translocations
 - Level 1.0 Alchemy
 + Level 6.9 Invocations


You had 30 spell levels left.
You knew the following spells:

 Your Spells              Type           Power      Damage    Failure   Level
a - Magic Dart            Conj           100%       1d8       1%          1
b - Blink                 Tloc           34%        N/A       3%          2
c - Call Imp              Summ           58%        N/A       1%          2
d - Stone Arrow           Conj/Erth      42%        3d9       4%          3
e - Mephitic Cloud        Conj/Alch/Air  20%        N/A       5%          3
f - Apportation           Tloc           34%        N/A       2%          1
g - Dimensional Bullseye  Hex/Tloc       8%         N/A       28%         4
h - Call Canine Familiar  Summ           29%        N/A       1%          3
i - Summon Cactus Giant   Summ           14%        N/A       58%         6

Your spell library contained the following spells:

 Spells                   Type           Power      Damage    Failure   Level
 Sting                    Conj/Alch      88%        1d8       1%          1
 Summon Small Mammal      Summ           100%       N/A       1%          1
 Necrotise                Necr           60%        1d7       3%          1
 Slow                     Hex            60%        N/A       3%          1
 Cigotuvi's Dreadful Rot  Necr/Alch/Air  32%        N/A       4%          2
 Ensorcelled Hibernation  Hex/Ice        30%        N/A       5%          2
 Jinxbite                 Hex            30%        N/A       5%          2
 Scorch                   Fire           30%        2d6       5%          2
 Sublimation of Blood     Necr           15%        N/A       5%          2
 Passwall                 Erth           15%        N/A       11%         3
 Sigil of Binding         Hex            15%        N/A       11%         3
 Swiftness                Air            15%        N/A       11%         3
 Tukima's Dance           Hex            15%        N/A       11%         3
 Vampiric Draining        Necr           15%        2d7       11%         3
 Iskenderun's Mystic Bla  Conj/Tloc      22%        2d6       12%         4
 Animate Armour           Summ/Erth      44%        N/A       13%         4
 Martyr's Knell           Necr/Summ      22%        N/A       13%         4
 Flame Wave               Conj/Fire      21%        2d8       16%         4
 Iskenderun's Battlesphe  Conj           27%        2d8       19%         5
 Manifold Assault         Tloc           17%        N/A       24%         4
 Dispel Undead            Necr           15%        3d10      34%         4
 Alistair's Intoxication  Alch           12%        N/A       54%         5
 Curse of Agony           Necr           15%        N/A       67%         5
 Bombard                  Conj/Erth      10%        9d3       93%         6
 Dispersal                Tloc           8%         N/A       98%         6
 Death Channel            Necr           7%         N/A       99%         6
 Spellforged Servitor     Conj/Summ      14%        N/A       99%         7
 Summon Hydra             Summ           14%        N/A       99%         7
 Disjunction              Tloc           8%         N/A       100%        8
 Lehudib's Crystal Spear  Conj/Erth      10%        10d4      100%        8


Dungeon Overview and Level Annotations

Branches:
Dungeon (15/15)            Temple (0/1) D:6            Lair (5/5) D:9
  Swamp (3/4) Lair:3       Spider (1/4) Lair:3        Slime (0/5) Lair:4
    Orc (0/2) D:9          Vaults (0/5) D:14         Depths (0/4) D:15
 Bailey (visited)

Altars:
Cheibriados
Dithmenos
Elyvilon
Hepliaklqana
Kikubaaqudgha
Makhleb
Okawaru
Ru
Sif Muna
Trog
Uskayaw
Wu Jian
Xom

Shops:
D:1 (   D:11 [

Annotations:
D:8 2 transporters
D:15 3 runed translucent doors, Plog's ghost, adept GrBe
Lair:2 exclusion: oklob plant
Swamp:2 1 runed translucent door, Fusk's ghost, adept HuWn
Swamp:3 Bai Suzhen


Innate Abilities, Weirdness & Mutations

You can walk on water.
Your facial features are unmistakably orcish.
You are too large for most types of armour.
You have a pair of small horns on your head.
You have tough skin. (AC +1)
You gain doubled healing and magic from potions.
Whenever you drink a healing potion, you attack all around you.


Message History

The stone arrow hits the eight-headed hydra!
The eight-headed hydra is moderately wounded.
Your butterfly disappears in a burst of colours!
The swamp worm fires a harpoon shot at you.
The harpoon shot hits you.
* * * LOW HITPOINT WARNING * * *
You are yanked forward by the harpoon shot.
The eight-headed hydra bites your butterfly!
Your butterfly dies!
Your butterfly disappears in a burst of colours!
Your butterfly disappears in a burst of colours! x2
You swap places.
The swamp worm bites you!!
* * * LOW HITPOINT WARNING * * *
The swamp worm bites you!
* * * LOW HITPOINT WARNING * * *
Unknown command.
You hit the swamp worm.
The swamp worm is poisoned.
You headbutt the swamp worm.
The swamp worm is lightly wounded.
You hit the swamp worm. Your headbutt misses the swamp worm.
The swamp worm is lightly wounded.
The swamp worm bites you!
* * * LOW HITPOINT WARNING * * *
The eight-headed hydra misses you. x2
The eight-headed hydra barely misses you.
The eight-headed hydra bites you.
* * * LOW HITPOINT WARNING * * *
The eight-headed hydra completely misses you.
The eight-headed hydra bites you.
* * * LOW HITPOINT WARNING * * *
The eight-headed hydra bites you!
* * * LOW HITPOINT WARNING * * *
The eight-headed hydra barely misses you.
Casting: Stone Arrow (mildly dangerous; 4% risk of failure)
Confirm with . or Enter, or press ? or * to list all spells.
You blink.
Your butterfly disappears in a burst of colours!
The swamp worm fires a harpoon shot at you.
The harpoon shot hits you!
You die...

♣♣....~♣..♣♣ ~.~..♣
♣......♣...♣~.....~..d~~..
♣..~.~....~..~..~.....~~...
♣♣......b.~....~~......~.~♣
♣~..wDb...~..~.~.~..~.~...♣
♣...b~~b.~....~.~~.....~..♣
♣.~~~..~......~...
♣♣.~..~......~....
♣..~.~...@.......
~.~.....~.~..~.~.
♣♣..~♣..~.~.♣...~^
♣♣♣♣♣♣~~♣.♣♣ ♣~.♣ ♣♣♣♣♣♣ ♣♣


You could see an eight-headed hydra and a swamp worm (poisoned).

Vanquished Creatures
  Rupert (Spider:1)
  Mlioglotl (Swamp:2)
  A thorn hunter (Swamp:3)
  Aizul (Swamp:1)
  Louise (D:15)
  3 eleionomae (Swamp:2)
  A bunyip (Swamp:2)
  Azrael (D:13)
  A dire elephant (Lair:5)
  Fannar (Lair:3)
  2 ogre magi
  2 rakshasas (D:15)
  4 hydras
  A spriggan air mage (Swamp:2)
  3 catoblepae
  An alligator (Swamp:1)
  3 centaur warriors
  10 two-headed ogres
  4 boulder beetles
  2 death yaks (Lair:5)
  3 skysharks (Lair:4)
  3 skeletal warriors (D:13)
  A spriggan druid (Swamp:3)
  2 goliath frogs
  A swamp dragon (Swamp:2)
  3 bog bodies
  A steelbarb worm (Spider:1)
  2 deep elf pyromancers
  An orb spider (Spider:1)
  An oklob plant (Lair:4)
  4 orc knights
  A wolf spider (Spider:1)
  5 will-o-the-wisps
  2 manticores (D:15)
  24 ugly things
  A cyclops (D:15)
  3 elephants
  3 torpor snails
  3 black mambas
  An eye of devastation (Lair:4)
  6 komodo dragons
  10 cane toads
  An unseen horror (shapeshifter) (D:13)
  2 gargoyles
  A kobold demonologist (D:14)
  A freezing wraith (D:15)
  4 trolls
  A queen bee (Lair:3)
  A bloated husk (Swamp:3)
  4 polar bears
  3 tarantellas (Spider:1)
  4 tyrant leeches
  13 blink frogs
  A blink frog (shapeshifter) (D:15)
  A glass eye (Lair:4)
  3 dream sheep
  4 slime creatures (D:15)
  2 jumping spiders (Spider:1)
  2 spriggans
  2 culicivoras (Spider:1)
  A vampire (D:11)
  2 shadows
  2 fire elementals (D:13)
  A wraith (D:13)
  47 yaks
  3 wyverns
  Grum (D:10)
  3 redbacks (Spider:1)
  5 basilisks
  7 vampire mosquitoes
  10 swamp worms
  An acid dragon (D:11)
  Edmund (D:5)
  2 hell hounds (D:13)
  7 water moccasins
  A swamp drake (Swamp:3)
  17 orc warriors
  3 ice beasts
  2 sky beasts
  4 black bears
  3 ogres
  8 centaurs
  12 wolves
  2 phantoms (D:6)
  4 kobold brigands
  2 wyvern zombies (D:8)
  14 bullfrogs
  3 scorpions
  A gnoll sergeant (D:6)
  8 wights
  A burial acolyte (D:8)
  2 jellies
  18 killer bees
  5 electric eels
  5 howler monkeys
  9 centaur zombies
  3 hounds
  A human zombie (D:8)
  2 orc priests
  3 bombardier beetles
  A centaur skeleton (D:8)
  A sleepcap (D:6)
  5 iguanas (D:6)
  5 orc wizards
  A killer bee zombie (D:8)
  5 adders
  10 gnolls
  3 shadow imps
  2 white imps (D:6)
  3 dart slugs
  3 ribbon worms
  17 orcs
  10 endoplasms
  7 giant cockroaches
  13 goblins
  12 hobgoblins
  8 jackals
  16 kobolds
  6 quokkas
  10 ball pythons
  6 bats
  A frilled lizard (D:1)
  4 rats
550 creatures vanquished.

Vanquished Creatures (collateral kills)
  A shambling mangrove (Swamp:3)
  A great orb of eyes (D:15)
  An alligator (Swamp:1)
  2 boulder beetles
  A centaur warrior (D:14)
  A deep troll shaman (Lair:5)
  A two-headed ogre (D:14)
  3 death yaks (Lair:5)
  4 spriggans
  2 goliath frogs
  An orb spider (Spider:1)
  A spriggan druid (Swamp:1)
  A lindwurm (Lair:4)
  A cyclops (D:13)
  A manticore (D:12)
  2 elephants (Lair:5)
  8 black mambas
  2 centaur zombies (D:11)
  2 torpor snails (Lair:4)
  5 cane toads
  3 komodo dragons
  An unseen horror skeleton (D:8)
  2 hornets
  5 blink frogs
  2 dream sheep (Lair:3)
  A shadow (D:11)
  14 yaks
  2 basilisks (Lair:3)
  2 vampires
  A wraith (D:11)
  A vampire mosquito (D:12)
  2 redbacks (Spider:1)
  8 water moccasins
  A swamp drake (Swamp:1)
  An ogre (D:14)
  2 centaurs (D:14)
  A wolf (Lair:5)
  A kobold brigand (D:14)
  3 bullfrogs
  2 scorpions (Lair:3)
  2 wights
  13 killer bees
  3 electric eels (Lair:5)
  An orc priest (D:10)
  2 orc wizards
  A hell rat (Lair:4)
  A killer bee zombie (D:8)
  A gnoll (D:4)
  An adder (D:2)
  A ribbon worm (D:5)
  An orc (D:4)
  A goblin (Bailey)
  A hobgoblin (D:3)
  4 kobolds
  A foxfire (Lair:4)
130 creatures vanquished.

Vanquished Creatures (others)
  Nergalle (D:12)
  16 orc apostles
  A bloated husk (Swamp:2)
  5 dream sheep (D:9)
  4 vampire mosquitoes (Swamp:2)
  An orc warrior (D:15)
  A kobold brigand (D:14)
  2 orc priests
  2 orc wizards
  7 orcs
  111 foxfires
151 creatures vanquished.

Grand Total: 831 creatures vanquished

Notes
Turn   | Place    | Note
-------+----------+-------------------------------------------
     0 | D:1      | Strat the Oni Hedge Wizard began the quest for the Orb.
     0 | D:1      | Reached XP level 1. HP: 16/16 MP: 5/5
    32 | D:1      | Reached skill level 1 in Fighting
   131 | D:1      | Reached XP level 2. HP: 27/27 MP: 2/6
   468 | D:1      | Reached skill level 4 in Spellcasting
   537 | D:1      | Learned a level 2 spell: Blink
   540 | D:1      | Learned a level 2 spell: Call Imp
   695 | D:1      | Reached XP level 3. HP: 30/36 MP: 8/8
   861 | D:1      | Found Laeqah's Antique Weapon Emporium.
  1295 | D:2      | Learned a level 3 spell: Stone Arrow
  2195 | D:3      | Reached XP level 4. HP: 45/48 MP: 10/10
  2397 | D:3      | Noticed a scorpion
  2414 | D:3      | Learned a level 3 spell: Mephitic Cloud
  2621 | D:3      | Killed a scorpion
  2622 | D:3      | Reached skill level 1 in Polearms
  2622 | D:3      | Reached XP level 5. HP: 55/55 MP: 11/11
  3589 | D:4      | Found a burning altar of Makhleb.
  3771 | D:4      | Reached skill level 5 in Fighting
  3828 | D:4      | Reached XP level 6. HP: 46/66 MP: 13/13
  4333 | D:4      | Found a sacrificial altar of Ru.
  4525 | D:4      | Found a hazy altar of Hepliaklqana.
  4741 | D:4      | Reached skill level 5 in Spellcasting
  5055 | D:5      | Entered Level 5 of the Dungeon
  5119 | D:5      | Noticed a black bear
  5217 | D:5      | Noticed Edmund
  5468 | D:5      | Found a bloodstained altar of Trog.
  5533 | D:5      | Reached XP level 7. HP: 73/75 MP: 14/14
  6163 | D:5      | Killed Edmund
  6508 | D:6      | Reached skill level 5 in Polearms
  6508 | D:6      | Reached skill level 6 in Spellcasting
  6508 | D:6      | Reached XP level 8. HP: 62/87 MP: 17/17
  7964 | D:6      | Reached skill level 7 in Spellcasting
  8298 | D:6      | Reached skill level 8 in Spellcasting
  8373 | D:6      | Found a staircase to the Ecumenical Temple.
  8499 | D:6      | Reached XP level 9. HP: 79/93 MP: 21/21
  8598 | D:6      | Learned a level 1 spell: Apportation
  8603 | D:6      | Learned a level 4 spell: Dimensional Bullseye
  8982 | D:6      | Became a worshipper of Beogh the Shepherd
  9166 | D:7      | Reached skill level 9 in Spellcasting
  9302 | D:7      | Found a flagged portal.
  9317 | Bailey   | Entered a bailey
 10262 | Bailey   | Noticed an orc warlord
 10296 | Bailey   | Reached * piety under Beogh
 10324 | Bailey   | Reached skill level 10 in Spellcasting
 10733 | Bailey   | Identified the +1 scale mail of Tenacity {Int+6}
 11048 | D:7      | Reached XP level 10. HP: 48/106 MP: 24/24
 11307 | D:7      | Found a hide-covered altar of Uskayaw.
 11369 | D:7      | Learned a level 3 spell: Call Canine Familiar
 11596 | D:7      | Reached skill level 1 in Summonings
 11863 | D:7      | Noticed a gargoyle
 11936 | D:7      | Found an ornate altar of the Wu Jian Council.
 12190 | D:7      | Killed a gargoyle
 12328 | D:8      | Noticed a two-headed ogre
 12343 | D:8      | Killed a two-headed ogre
 12343 | D:8      | Reached ** piety under Beogh
 12630 | D:8      | Reached skill level 1 in Conjurations
 13017 | D:8      | Found a transporter.
 13020 | D:8      | Found a transporter.
 13021 | D:8      | Noticed a boulder beetle
 13212 | D:8      | Noticed a two-headed ogre
 13232 | D:8      | Killed a two-headed ogre
 13233 | D:8      | Reached skill level 10 in Fighting
 13359 | D:8      | Found a shimmering blue altar of Sif Muna.
 13774 | D:8      | Reached skill level 11 in Spellcasting
 13845 | D:8      | Reached XP level 11. HP: 112/117 MP: 26/26
 13880 | D:8      | Found an ancient bone altar of Kikubaaqudgha.
 13889 | D:8      | Reached skill level 10 in Polearms
 14084 | D:9      | Found a snail-covered altar of Cheibriados.
 14164 | D:9      | Found a white marble altar of Elyvilon.
 14405 | D:9      | Identified the +4 pair of gloves of Uceitu Nixyph {Str+5
                  | Int-3 Dex+4}
 14714 | D:9      | Found a staircase to the Orcish Mines.
 14770 | D:9      | Found a shimmering altar of Xom.
 15074 | D:9      | Found a staircase to the Lair.
 15447 | D:10     | Entered Level 10 of the Dungeon
 15698 | D:10     | Identified the +2 robe of the Forsaken Leylines {Fly rN++
                  | Int+2}
 15698 | D:10     | Noticed Grum
 15925 | D:10     | Killed Grum
 15952 | D:10     | Reached *** piety under Beogh
 15995 | D:10     | Anointed Morbeogh the wizard as your apostle
 16088 | D:10     | Found a shadowy altar of Dithmenos.
 16403 | D:10     | Reached skill level 1 in Alchemy
 17152 | D:11     | Noticed a boulder beetle
 17341 | D:11     | Reached skill level 12 in Spellcasting
 17461 | D:11     | Identified the +5 falchion of Toecucy {heavy, +Blink rPois}
 17516 | D:11     | Identified the +0 scale mail of Absolutism {+Blink rPois
                  | Str+3 Stlth+}
 17882 | D:11     | Killed a boulder beetle
 17883 | D:11     | Reached skill level 13 in Spellcasting
 17959 | D:11     | Found a transporter.
 17961 | D:11     | Found Wojaxzof's Antique Armour Emporium.
 17988 | D:11     | Reached XP level 12. HP: 56/126 MP: 19/29
 18095 | D:11     | Identified the +7 mace "Fozajaih" {venom, rCorr Int-4
                  | Dex+4}
 18105 | D:11     | Anointed Orgrim the priest as your apostle
 18192 | D:11     | Found a transporter.
 18330 | D:11     | Reached skill level 14 in Spellcasting
 18492 | Lair:1   | Entered Level 1 of the Lair of Beasts
 18641 | Lair:1   | Reached **** piety under Beogh
 18813 | Lair:1   | Reached skill level 1 in Invocations
 18901 | Lair:1   | Your ally Orgrim died
 20104 | Lair:2   | Your ally Morbeogh died
 21035 | Lair:2   | Reached skill level 15 in Spellcasting
 21080 | Lair:2   | Noticed a catoblepas
 21301 | Lair:2   | Noticed a five-headed hydra
 21457 | Lair:2   | Noticed an eight-headed hydra
 21639 | Lair:2   | Killed a five-headed hydra
 21765 | Lair:2   | Killed a catoblepas
 21766 | Lair:2   | Reached skill level 5 in Invocations
 22048 | Lair:2   | Killed an eight-headed hydra
 22049 | Lair:2   | Reached XP level 13. HP: 137/137 MP: 19/32
 23582 | Lair:3   | Found a hole to the Spider Nest.
 23819 | Lair:3   | Noticed Fannar
 23830 | Lair:3   | Your ally Orgrim died
 23856 | Lair:3   | Noticed Jorge
 23872 | Lair:3   | Your ally Morbeogh died
 23888 | Lair:3   | Anointed Jorge the wizard as your apostle
 24567 | Lair:3   | Killed Fannar
 24568 | Lair:3   | Reached skill level 16 in Spellcasting
 24619 | Lair:3   | Found a staircase to the Swamp.
 25200 | Lair:4   | Found a staircase to the Slime Pits.
 25762 | Lair:4   | Reached ***** piety under Beogh
 26368 | Lair:4   | Reached XP level 14. HP: 48/148 MP: 12/34
 26723 | Lair:4   | Reached skill level 17 in Spellcasting
 26748 | Lair:4   | Your ally Orgrim died
 26771 | Lair:4   | Your ally Jorge died
 27901 | Lair:5   | Entered Level 5 of the Lair of Beasts
 28288 | Lair:5   | Anointed Koronagh the warrior as your apostle
 28579 | Lair:5   | Your ally Orgrim died
 29396 | Lair:5   | Reached skill level 18 in Spellcasting
 29635 | Lair:5   | Your ally Koronagh died
 29661 | Lair:5   | Noticed a dire elephant
 29668 | Lair:5   | Killed a dire elephant
 29713 | Lair:5   | Identified the staff "Weema" {rElec rF+ Fire Air Alchemy}
 30064 | Lair:5   | Upgraded the game from 0.32-a0-643-ga006e7742e to
                  | 0.32-a0-656-g3542139ebd
 30570 | D:12     | Noticed Nergalle
 30578 | D:12     | Pacified Nergalle
 30587 | D:12     | Killed Nergalle
 30867 | D:12     | Reached XP level 15. HP: 158/162 MP: 35/37
 31089 | D:13     | Reached skill level 15 in Polearms
 31089 | D:13     | Noticed Azrael
 31101 | D:13     | Your ally Jorge died
 31116 | D:13     | Killed Azrael
 32689 | D:14     | Acquired 599 gold pieces
 33354 | D:14     | Identified the +2 rapier of Shrieking Terror {flame,
                  | ^Fragile rF++ rCorr Dex+3}
 33364 | D:14     | Your ally Orgrim died
 33368 | D:14     | Your ally Koronagh died
 33381 | D:14     | Your ally Jorge died
 34617 | D:14     | Reached skill level 19 in Spellcasting
 34796 | D:14     | Reached skill level 15 in Fighting
 35254 | D:14     | Found a gate to the Vaults.
 35354 | D:15     | Entered Level 15 of the Dungeon
 36547 | D:15     | Found an iron altar of Okawaru.
 36556 | D:15     | Acquired 1025 gold pieces
 36558 | D:15     | Acquired a +4 ring of slaying
 36757 | D:15     | Noticed Louise
 37155 | D:15     | Noticed Plog's ghost (adept GrBe)
 37435 | D:15     | Found a runed translucent gate.
 37435 | D:15     | Found a runed translucent gate.
 37435 | D:15     | Found a runed translucent gate.
 37715 | D:15     | Killed Louise
 38099 | D:15     | Reached XP level 16. HP: 170/178 MP: 37/39
 38378 | D:15     | Found a staircase to the Depths.
 38688 | Spider:1 | Entered Level 1 of the Spider Nest
 38688 | Spider:1 | Noticed Rupert
 38697 | Spider:1 | Killed Rupert
 38928 | Spider:1 | Your ally Orgrim died
 39376 | Swamp:1  | Entered Level 1 of the Swamp
 39775 | Swamp:1  | Identified the serpent talisman of the Game Afoot {rC-
                  | rN+++ Will+ Str-2}
 39775 | Swamp:1  | Noticed Aizul
 39799 | Swamp:1  | Killed Aizul
 39800 | Swamp:1  | Reached skill level 20 in Spellcasting
 40609 | Swamp:2  | Noticed Mlioglotl
 40812 | Swamp:2  | Your ally Koronagh died
 41680 | Swamp:2  | Learned a level 6 spell: Summon Cactus Giant
 41687 | Swamp:2  | Found a runed translucent door.
 41976 | Swamp:2  | Killed Mlioglotl
 41977 | Swamp:2  | Reached skill level 1 in Throwing
 42087 | Swamp:2  | Noticed Fusk's ghost (adept HuWn)
 43047 | Swamp:3  | Noticed Bai Suzhen
 43081 | Swamp:3  | Noticed a fenstrider witch
 44022 | Swamp:3  | Your ally Orgrim died
 44022 | Swamp:3  | Your ally Koronagh died
 44057 | Swamp:3  | Noticed a thorn hunter
 44106 | Swamp:3  | Killed a thorn hunter
 44126 | Swamp:3  | Killed from afar by a swamp worm

Illustrated notes

Levels and vault maps discovered:
D:1:      tarquinn_simple_flora_water_f, layout_basic, serial_shops,
          nicolae_shop_back_alley_shop, kennysheep_boxes
D:2:      layout_loops_corners
D:3:      layout_basic, grunt_ministairs_14
D:4:      layout_basic, general_overflow_altar,
          mainiacjoe_overflow_catch_the_wave, cheibrodos_sewer_entry_bend
D:5:      layout_cave_pools, mainiacjoe_overflow_paths, uniq_edmund
D:6:      layout_loops_corners, temple_green, minmay_pentangle
D:7:      layout_basic, nicolae_overflow_hidden_temple,
          mainiacjoe_overflow_six_doors_small, enter_bailey_2
D:8:      gammafunk_boulding_lane, layout_layer_cave,
          lemuel_mausoleum_altar_kikubaaqudgha, tgw_sif
D:9:      layout_cave_pods, kb_xom_exploding_sheep, cheibriados_altar_1,
          mainiacjoe_overflow_alcove_4, lair_entry_dummy, orc_0_dummy
D:10:     layout_basic, nicolae_dithmenos_shadow_blocks, uniq_grum
D:11:     layout_small_grid, serial_shops, nicolae_shop_drivethru,
          serial_undead, serial_undead_c, serial_undead_e, serial_undead_a,
          serial_undead_c, serial_undead_b, serial_undead_a
D:12:     layout_basic, uniq_nergalle
D:13:     layout_basic, nicolae_fountain_basement, uniq_azrael
D:14:     layout_loops_ring, hangedman_vaults_entry_quadrant_bands
D:15:     gammafunk_enter_depths_forms, layout_rooms, okawaru_gym_becter,
          gammafunk_ghost_split, minmay_unpleasant_kobolds, uniq_louise
Lair:1:   layout_regular_city, serial_bayou_pond_d
Lair:2:   layout_gridlike, hangedman_lair_generics_rect
Lair:3:   layout_cave_shapes, minmay_swamp_entry_eels,
          nicolae_spider_entry_non_spiders, special_room [special_room_bee],
          mumra_transporter_accident, uniq_fannar
Lair:4:   nzn_winding_woodlands_large [nzn_winding_woodlands_5x5_perimeter,
          nzn_winding_woodlands_5x15_garden, nzn_winding_woodlands_5x5_three,
          nzn_winding_woodlands_center_pierced_h,
          nzn_winding_woodlands_15x15_boxy_spiral,
          nzn_winding_woodlands_center_triple_pond,
          nzn_winding_woodlands_hourglass, nzn_winding_woodlands_5x15_pool,
          nzn_winding_woodlands_5x5_cross], layout_layer_cave,
          minmay_slime_entry_eyes
Lair:5:   grunt_lair_end_beastmaster, layout_big_grid, serial_bayou_lagoon_b,
          lemuel_fruit_fields, serial_bayou_shore_a
Swamp:1:  layout_basic_swamp, nicolae_swamp_some_circles, uniq_aizul
Swamp:2:  layout_basic_swamp, gammafunk_ghost_grave,
          evilmike_swamp_ruin_house_1, infiniplex_staircase_pool, uniq_mlioglotl
Swamp:3:  layout_falls_marsh, nicolae_swamp_stair_fork, swamp_pool_1_2,
          nicolae_swamp_well_well_well, nicolae_swamp_godswood,
          nicolae_swamp_tree_designs, uniq_bai_suzhen
Spider:1: layout_cave_pods, uniq_rupert

Skill      XL: |  1  2  3  4  5  6  7  8  9 10 11 12 13 14 15 16 |
---------------+-------------------------------------------------+-----
Fighting       | 1 2 3 4 5 6 7 8 10 11 13 15 16 | 16.3
Spellcasting   | 4 5 6 8 10 11 13 15 16 18 19 20 | 20.2
Polearms       | 1 2 3 5 7 8 9 11 13 14 16 | 16.9
Summonings     | 3 4 |  4.7
Conjurations   | 2 4 |  4.0
Alchemy        | 1 |  1.0
Invocations    | 5 6 |  6.9
Throwing       | 2 |  2.5
Dodging        | |  1.7
Stealth        | |  1.4
Translocations | |  0.8

Action                     |  1- 3 |  4- 6 |  7- 9 | 10-12 | 13-15 | 16-18 || total
---------------------------+-------+-------+-------+-------+-------+-------++-------
  Melee: Dagger            |     6 |       |       |       |       |       ||     6
         Headbutt          |    17 |    34 |    62 |   121 |   165 |    63 ||   462
         Hand axe          |    48 |       |       |       |       |       ||    48
         Spear             |    83 |   248 |   183 |       |       |       ||   514
         Trident           |       |       |   194 |   562 |   327 |       ||  1083
         Halberd           |       |       |       |    12 |       |       ||    12
         Glaive            |       |       |       |       |   452 |       ||   452
         Demon trident     |       |       |       |       |    26 |   292 ||   318
         Unarmed           |       |       |       |       |       |     3 ||     3
   Cast: Magic Dart        |    22 |       |       |       |       |       ||    22
         Call Imp          |     1 |    20 |    12 |     5 |     1 |       ||    39
         Mephitic Cloud    |       |     1 |    34 |    29 |    49 |    18 ||   131
         Stone Arrow       |       |       |    29 |    25 |    47 |    14 ||   115
         Blink             |       |       |     8 |     8 |     3 |     2 ||    21
         Apportation       |       |       |     3 |    10 |     2 |     2 ||    17
         Call Canine Famil |       |       |       |     7 |     4 |       ||    11
 Invoke: Convert to Beogh  |       |       |     1 |       |       |       ||     1
         Recall Apostles   |       |       |       |     3 |    10 |     1 ||    14
         Recruit Apostle   |       |       |       |     2 |     2 |       ||     4
         Smiting           |       |       |       |       |    10 |    10 ||    20
         Dismiss Apostle   |       |       |       |       |     2 |       ||     2
         Blood for Blood   |       |       |       |       |     1 |       ||     1
  Evoke: Wand              |       |       |     3 |     5 |    16 |     1 ||    25
    Use: Scroll            |     5 |     6 |    17 |     8 |    14 |     4 ||    54
         Potion            |       |       |     9 |     3 |    10 |     8 ||    30
   Stab: Sleeping          |     2 |     3 |       |     3 |       |       ||     8
         Distracted        |       |     2 |     2 |     3 |    11 |     1 ||    19
         Confused          |       |     1 |    15 |    15 |    25 |     3 ||    59
         Petrified         |       |       |       |       |     1 |       ||     1
         Invisible         |       |       |       |       |       |     1 ||     1
 Armour: Robe              |   112 |   156 |   264 |   407 |   595 |   217 ||  1751
  Dodge: Dodged            |    63 |   119 |   133 |   178 |   497 |   122 ||  1112

Table legend: (Time is in decaauts)
 A = Elapsed time spent in this place.
 B = Non-inter-level travel time spent in this place.
 C = Inter-level travel time spent in this place.
 D = Time resting spent in this place.
 E = Time spent auto-exploring this place.
 F = Levels seen in this place.
 G = Mean time per level.
                   A        B        C        D        E       F      G
               +--------+--------+--------+--------+--------+-----+--------+
         Total |  43745 |  41603 |   2142 |  17395 |  14768 |  25 | 1749.8 |
       Dungeon |  25174 |  23768 |   1406 |   8085 |   9965 |  15 | 1678.3 |
          Lair |  11929 |  11349 |    580 |   5409 |   3685 |   5 | 2385.8 |
         Swamp |   4641 |   4495 |    146 |   2765 |    992 |   3 | 1547.0 |
   Spider Nest |    316 |    308 |      8 |    109 |     54 |   1 |  316.0 |
        Bailey |   1683 |   1683 |      0 |   1027 |     72 |   1 | 1683.0 |
               +--------+--------+--------+--------+--------+-----+--------+

Top non-repeatable levels by time:
    D:14: 4307 daAuts
  Lair:2: 3601 daAuts
  Lair:4: 2582 daAuts
     D:6: 2444 daAuts
  Lair:3: 2354 daAuts
 Swamp:2: 2336 daAuts
  Lair:5: 2023 daAuts
 Swamp:1: 1830 daAuts
     D:4: 1765 daAuts
  Bailey: 1683 daAuts
     D:8: 1663 daAuts
     D:9: 1596 daAuts
    D:15: 1587 daAuts
    D:11: 1579 daAuts
     D:5: 1570 daAuts
